 Dungeon Crawl Stone Soup version 0.17.1-1-g73c8601 (webtiles) character file.

130 shmeve the Chopper (level 4, -1/41 HPs)
             Began as a Minotaur Berserker on Apr 23, 2016.
             Was a Believer of Trog.
             Slain by a hound (2 damage)
             ... on level 4 of the Dungeon.
             The game lasted 00:02:03 (857 turns).

shmeve the Chopper (Minotaur Berserker)              Turns: 857, Time: 00:02:03

Health: -1/41      AC:  2    Str: 25    XL:     4   Next: 90%
Magic:  3/3        EV:  8    Int:  4    God:    Trog [**....]
Gold:   86         SH:  0    Dex: 11    Spells: 0 memorised, 3 levels left

rFire  . . .     SeeInvis .     a - +0 hand axe
rCold  . . .     Clarity  .     b - +0 animal skin
rNeg   . . .     SustAt   +     (no shield)
rPois  .         Gourm    .     (helmet restricted)
rElec  .         Spirit   .     (no cloak)
rCorr  .         Warding  .     (no gloves)
rMut   .         Stasis   .     (no boots)
MR     .....                    (no amulet)
Stlth  +.........               k - +4 ring of strength
                                f - ring of sustain attributes

@: exhausted, slowed, very slow, not resistant to hostile enchantments, very
unstealthy
A: retaliatory headbutt, horns 2
a: Berserk, Trog's Hand, Burn Spellbooks, Renounce Religion


You were on level 4 of the Dungeon.
You worshipped Trog.
Trog was pleased with you.
You were hungry.

You visited 1 branch of the dungeon, and saw 3 of its levels.

You collected 86 gold pieces.

Inventory:

Hand Weapons
 a - a +0 hand axe (weapon)
Missiles
 o - 7 tomahawks (quivered)
Armour
 b - a +0 animal skin (worn)
Jewellery
 f - a ring of sustain attributes (left hand)
 k - a +4 ring of strength (right hand)
Scrolls
 d - a scroll of fog {unknown}
 e - a scroll of random uselessness {unknown}
 g - a scroll of enchant weapon {unknown}
 i - a scroll of noise {unknown}
 s - a scroll of remove curse {unknown}
 t - a scroll of immolation {unknown}
Potions
 j - a potion of agility {unknown}
 m - a potion of curing {unknown}
 n - 2 potions of brilliance {unknown}
 p - a potion of resistance {unknown}
 q - a potion of mutation {unknown}
Comestibles
 c - 2 bread rations
 h - a meat ration
 l - a beef jerky
 r - 2 chunks of flesh


   Skills:
 * Level 4.6 Fighting
 * Level 4.7 Axes
 + Level 1.2 Throwing
 + Level 3.3 Armour
 + Level 3.1 Dodging


You had 3 spell levels left.
You didn't know any spells.

Dungeon Overview and Level Annotations

Branches:
Dungeon (4/15)
 Temple: D:4-7

Altars:

Annotations:
D:4 grimtooth's ghost, amateur HOGl


Innate Abilities, Weirdness & Mutations

You reflexively headbutt those who attack you in melee.
You have a pair of horns on your head.


Message History

You are feeling hungry.
The orc throws a tomahawk.
The tomahawk barely misses you.
Things that are here:
2 tomahawks; an enchanted quarterstaff; an orc corpse The orc priest looks braver for a moment.
The orc throws a tomahawk.
The tomahawk hits you. The hound bites you.
You see here a tomahawk.
The hound closely misses you.
The orc priest invokes the aid of Beogh against you.
Something smites you!
* * * LOW HITPOINT WARNING * * *
The hound barely misses you. The hound bites you.
* * * LOW HITPOINT WARNING * * *
The hound closely misses you. You furiously retaliate!
You headbutt the hound.
There is an escape hatch in the ceiling here.
The hound bites you.
* * * LOW HITPOINT WARNING * * *
The hound barely misses you. The hound bites you.
You die...

..# #.# #.. ..###.. ##.
#.....# .... .....#
...... #..#.#..!....
###..#@##.....
#....#h#.....# #.
#.#...o....## ...
#.....(.....##..#
#.......).$..#.#
#.....(........# .
+###.......>....### ##..
...............## .....
W.....)........####...#>.


You could see a hound and an orc.

Vanquished Creatures
  An ogre (D:4)
  An orc wizard (D:4)
  A worm (D:2)
  An orc (D:4)
  A ball python (D:1)
  A hobgoblin (D:1)
  5 jackals (D:1)
  3 kobolds
  A bat (D:2)
  A giant gecko (D:1)
  A giant gecko skeleton (D:4)
  A giant newt (D:1)
  4 rats
22 creatures vanquished.

Notes
Turn   | Place    | Note
--------------------------------------------------------------
     0 | D:1      | shmeve the Minotaur Berserker began the quest for the Orb.
     0 | D:1      | Reached XP level 1. HP: 19/19 MP: 0/0
   140 | D:1      | Reached XP level 2. HP: 18/27 MP: 1/1
   701 | D:2      | Reached skill level 4 in Axes
   818 | D:2      | You fall through a shaft for 2 floors!
   834 | D:4      | Noticed an ogre
   839 | D:4      | Killed an ogre
   839 | D:4      | Reached ** piety under Trog
   839 | D:4      | Reached skill level 1 in Throwing
   839 | D:4      | Reached XP level 3. HP: 34/34 MP: 2/2
   839 | D:4      | Reached XP level 4. HP: 41/41 MP: 3/3
   850 | D:4      | Noticed grimtooth's ghost (amateur HOGl)
   857 | D:4      | HP: 1/41 [hound (4)]
   857 | D:4      | Slain by a hound

Action                   |  1- 3 |  4- 6 || total
-------------------------+-------+-------++-------
Melee: Hand axe          |    43 |     6 ||    49
Invok: Berserk           |     1 |       ||     1
 Stab: Sleeping          |     1 |       ||     1
